| TOP OF THE 1ST |
|
Denver Bears batting - Pitching for Wichita Aeros : RHP Jeff Heathcock
|
|
Pitching: RHP Jeff Heathcock
|
|
|
Batting: LHB Dallas Williams
|
0-0: Called Strike 0-1: Ball 1-1: Ball 2-1: Ball 3-1: Base on Balls
|
|
Batting: RHB Adolfo Feliz
|
0-0: Ball 1-0: Ball 2-0: Called Strike 2-1: Called Strike 2-2: SINGLE (Flyball, 3D, EV 98.1 MPH) Dallas Williams to second
|
|
Batting: LHB Danny Heep
|
0-0: Called Strike Dallas Williams steals 3rd base 0-1: Ball 1-1: Ball 2-1: Fly out, F8 (Flyball, 8LD, EV 98.8 MPH) Runner from 3rd tags up, SCORES, throw by CF
|
|
Batting: RHB George A Bell
|
0-0: Ball 1-0: Called Strike 1-1: Ball 2-1: Swinging Strike 2-2: Fly out, F7 (Flyball, 78XD, EV 93.1 MPH)
|
|
Batting: LHB Terry Francona
|
0-0: Called Strike 0-1: Ground out 4-3 (Groundball, 34, EV 85.0 MPH)
|
| Top of the 1st over - 1 run, 1 hit, 0 errors, 1 left on base; Denver 1 - Wichita 0 |
| BOTTOM OF THE 1ST |
|
Wichita Aeros batting - Pitching for Denver Bears : RHP Jorge Rivera
|
|
Pitching: RHP Jorge Rivera
|
|
|
Batting: RHB Jordan Ventura
|
0-0: Ball 1-0: Called Strike 1-1: Ball 2-1: Ball 3-1: Base on Balls
|
|
Batting: LHB Jesus Ramos
|
0-0: Ball 1-0: Foul Ball, location: 2F 1-1: Ball 2-1: SINGLE (Groundball, 25, EV 63.1 MPH) (infield hit) Jordan Ventura to second
|
|
Batting: LHB Michael Barnes
|
0-0: Called Strike 0-1: Foul Ball, location: 2F 0-2: Strikes out swinging
|
|
Batting: LHB Omar Guerrero
|
0-0: Ball 1-0: Ball 2-0: Ball 3-0: Called Strike 3-1: Fielders Choice at 2nd, 3-6 (Groundball, 3, EV 77.5 MPH) Jordan Ventura to third
|
|
Batting: RHB Dave Hoenstine
|
0-0: Called Strike 0-1: Ball 1-1: Ball 2-1: Ball 3-1: Foul Ball, location: 2F 3-2: SINGLE (Groundball, 56D, EV 96.3 MPH) Jordan Ventura scores Omar Guerrero to second Omar Guerrero to third
|
|
Batting: LHB Glenn Gulliver
|
0-0: Ball 1-0: Ball Passed Ball! Omar Guerrero scores Dave Hoenstine to second 2-0: Called Strike 2-1: Foul Ball, location: 2F 2-2: Ball 3-2: Fly out, F5 (Line Drive, 5, EV 71.3 MPH)
|
| Bottom of the 1st over - 2 runs, 2 hits, 0 errors, 1 left on base; Denver 1 - Wichita 2 |
| TOP OF THE 2ND |
|
Denver Bears batting - Pitching for Wichita Aeros : RHP Jeff Heathcock
|
|
Batting: RHB Juan Alvarez
|
0-0: Called Strike 0-1: Called Strike 0-2: Ball 1-2: SINGLE (Line Drive, 56D, EV 107.5 MPH)
|
|
Batting: LHB Larry Donofrio
|
0-0: Fly out, F9 (Flyball, 9LM, EV 100.6 MPH)
|
|
Batting: RHB Raymond Borucki
|
0-0: Ground out 6-3 (Groundball, 6, EV 93.8 MPH) Juan Alvarez to second
|
|
Batting: RHB Gomez Barahona
|
0-0: Ball 1-0: Ball 2-0: Called Strike 2-1: Called Strike 2-2: DOUBLE (Line Drive, 7LM, EV 106.9 MPH) Juan Alvarez scores
|
|
Batting: LHB Dallas Williams
|
0-0: Ball 1-0: Called Strike 1-1: Ball 2-1: SINGLE (Line Drive, 9S, EV 110.6 MPH) Gomez Barahona to third Runner from 3rd tries for Home, SAFE, throw by RF to home Dallas Williams to second
|
|
Batting: RHB Adolfo Feliz
|
0-0: Ball 1-0: Called Strike 1-1: Ball 2-1: Swinging Strike 2-2: Ball 3-2: DOUBLE (Line Drive, 5D, EV 95.0 MPH) Dallas Williams scores
|
|
Batting: LHB Danny Heep
|
0-0: Ball 1-0: Ball 2-0: Foul Ball, location: 2F 2-1: Fly out, F8 (Flyball, 78D, EV 101.9 MPH)
|
| Top of the 2nd over - 3 runs, 4 hits, 0 errors, 1 left on base; Denver 4 - Wichita 2 |
| BOTTOM OF THE 2ND |
|
Wichita Aeros batting - Pitching for Denver Bears : RHP Jorge Rivera
|
|
Batting: LHB Angel Matos
|
0-0: Ball 1-0: Called Strike 1-1: Foul Ball, location: 2F 1-2: Ground out 5-3 (Groundball, 5L, EV 103.8 MPH)
|
|
Batting: RHB Gary House
|
0-0: Called Strike 0-1: Called Strike 0-2: Ball 1-2: Foul Ball, location: 2F 1-2: Foul Ball, location: 2F 1-2: Foul Ball, location: 2F 1-2: Strikes out looking
|
|
Batting: RHB Dave Stenhouse
|
0-0: Ball 1-0: DOUBLE (Groundball, 5L, EV 104.4 MPH)
|
|
Batting: RHB Jordan Ventura
|
0-0: Ball 1-0: Called Strike 1-1: Called Strike 1-2: Ball 2-2: Ball 3-2: Strikes out swinging
|
| Bottom of the 2nd over - 0 runs, 1 hit, 0 errors, 1 left on base; Denver 4 - Wichita 2 |
| TOP OF THE 3RD |
|
Denver Bears batting - Pitching for Wichita Aeros : RHP Jeff Heathcock
|
|
Batting: RHB George A Bell
|
0-0: Called Strike 0-1: Fly out, F8 (Flyball, 89M, EV 96.9 MPH)
|
|
Batting: LHB Terry Francona
|
0-0: Fly out, F7 (Line Drive, 7, EV 95.0 MPH)
|
|
Batting: RHB Juan Alvarez
|
0-0: Called Strike 0-1: Fly out, F9 (Flyball, 89XD, EV 86.9 MPH)
|
| Top of the 3rd over - 0 runs, 0 hits, 0 errors, 0 left on base; Denver 4 - Wichita 2 |
| BOTTOM OF THE 3RD |
|
Wichita Aeros batting - Pitching for Denver Bears : RHP Jorge Rivera
|
|
Batting: LHB Jesus Ramos
|
0-0: Ball 1-0: Called Strike 1-1: DOUBLE (Groundball, 3L, EV 100.6 MPH)
|
|
Batting: LHB Michael Barnes
|
0-0: Ground out 4-3 (Groundball, 4, EV 75.6 MPH) Jesus Ramos to third
|
|
Batting: LHB Omar Guerrero
|
0-0: Called Strike 0-1: Ball 1-1: Foul Ball, location: 2F 1-2: Ground out 5-3 (Groundball, 5, EV 80.6 MPH)
|
|
Batting: RHB Dave Hoenstine
|
0-0: Ball 1-0: Swinging Strike 1-1: Ball 2-1: Called Strike 2-2: Single, Error in OF, E9, batter to second base (Groundball, 34D, EV 101.3 MPH) Jesus Ramos scores
|
|
Batting: LHB Glenn Gulliver
|
0-0: Called Strike 0-1: Foul Ball, location: 2F 0-2: Ball 1-2: Ball 2-2: Ground out U3 (Groundball, 3L, EV 105.0 MPH)
|
| Bottom of the 3rd over - 1 run, 2 hits, 1 error, 1 left on base; Denver 4 - Wichita 3 |
| TOP OF THE 4TH |
|
Denver Bears batting - Pitching for Wichita Aeros : RHP Jeff Heathcock
|
|
Batting: LHB Larry Donofrio
|
0-0: Called Strike 0-1: Ball 1-1: Called Strike 1-2: Foul Ball, location: 2F 1-2: Ball 2-2: Strikes out swinging
|
|
Batting: RHB Raymond Borucki
|
0-0: Foul Ball, location: 2F 0-1: Ground out 6-3 (Groundball, 6, EV 81.9 MPH)
|
|
Batting: RHB Gomez Barahona
|
0-0: Hit by Pitch
|
|
Batting: LHB Dallas Williams
|
0-0: Ball 1-0: Ball 2-0: Foul Ball, location: 2F 2-1: SINGLE (Flyball, 78S, EV 98.1 MPH) Gomez Barahona to second
|
|
Batting: RHB Adolfo Feliz
|
0-0: Called Strike 0-1: SINGLE (Flyball, 34D, EV 93.8 MPH) Gomez Barahona to third Dallas Williams to second Runner from 3rd tries for Home, SAFE, throw by RF to home
|
|
Pitching: RHP Steve Crawford
|
|
|
Batting: LHB Danny Heep
|
0-0: Ball 1-0: Ball Dallas Williams steals 3rd base 2-0: Foul Ball, location: 2F 2-1: Foul Ball, location: 2F 2-2: SINGLE (Groundball, 6MD, EV 96.9 MPH) Dallas Williams scores Adolfo Feliz to second Runner from 2nd tries for 3rd, SAFE, throw by CF made to third
|
|
Batting: RHB George A Bell
|
0-0: Ball 1-0: Foul Ball, location: 2F 1-1: Fly out, F9 (Flyball, 9LD, EV 99.4 MPH)
|
| Top of the 4th over - 2 runs, 3 hits, 0 errors, 2 left on base; Denver 6 - Wichita 3 |
| BOTTOM OF THE 4TH |
|
Wichita Aeros batting - Pitching for Denver Bears : RHP Jorge Rivera
|
|
Batting: LHB Angel Matos
|
0-0: Ball 1-0: Ground out 1-3 (Groundball, 23, EV 75.6 MPH)
|
|
Batting: RHB Gary House
|
0-0: Foul Ball, location: 2F 0-1: Called Strike 0-2: Strikes out looking
|
|
Batting: RHB Dave Stenhouse
|
0-0: Called Strike 0-1: Foul Ball, location: 2F 0-2: Ball 1-2: Strikes out swinging
|
| Bottom of the 4th over - 0 runs, 0 hits, 0 errors, 0 left on base; Denver 6 - Wichita 3 |
| TOP OF THE 5TH |
|
Denver Bears batting - Pitching for Wichita Aeros : RHP Steve Crawford
|
|
Batting: LHB Terry Francona
|
0-0: Ball 1-0: Called Strike 1-1: Called Strike 1-2: SINGLE (Groundball, 34D, EV 109.4 MPH)
|
|
Batting: RHB Juan Alvarez
|
0-0: Called Strike 0-1: Fly out, F8 (Flyball, 78XD, EV 93.8 MPH)
|
|
Batting: LHB Larry Donofrio
|
0-0: Ball 1-0: Ball 2-0: Swinging Strike 2-1: Foul Ball, location: 2F 2-2: Strikes out swinging
|
|
Batting: RHB Raymond Borucki
|
0-0: Foul Ball, location: 2F 0-1: Ball 1-1: Fly out, F3 (Popup, 3F, EV 77.5 MPH)
|
| Top of the 5th over - 0 runs, 1 hit, 0 errors, 1 left on base; Denver 6 - Wichita 3 |
| BOTTOM OF THE 5TH |
|
Wichita Aeros batting - Pitching for Denver Bears : RHP Jorge Rivera
|
|
Batting: RHB Jordan Ventura
|
0-0: Ball 1-0: Foul Ball, location: 2F 1-1: Reached on error, E6 (Groundball, 56D, EV 97.5 MPH)
|
|
Batting: LHB Jesus Ramos
|
0-0: Ball 1-0: Ball 2-0: Bunt - Flyout to 2R! F2
|
|
Batting: LHB Michael Barnes
|
0-0: Called Strike 0-1: Ball 1-1: Ball Jordan Ventura steals 2nd base 2-1: SINGLE (Line Drive, 34D, EV 102.5 MPH) Jordan Ventura to third Runner from 3rd tries for Home, SAFE, throw by RF to home
|
|
Batting: LHB Omar Guerrero
|
0-0: Ball 1-0: Ball 2-0: Ball 3-0: Base on Balls Michael Barnes to second
|
|
Batting: RHB Dave Hoenstine
|
0-0: Foul Ball, location: 2F 0-1: Ball 1-1: Ball 2-1: SINGLE (Line Drive, 7S, EV 98.1 MPH) Michael Barnes to third Omar Guerrero to second Runner from 3rd tries for Home, SAFE, throw by LF to home
|
|
Pitching: RHP Eric Show
|
|
|
Batting: LHB Glenn Gulliver
|
0-0: Foul Ball, location: 2F 0-1: Foul Ball, location: 2F 0-2: Strikes out swinging
|
|
Batting: LHB Angel Matos
|
0-0: Ball 1-0: Ball 2-0: Fly out, F8 (Flyball, 8LXD, EV 104.4 MPH)
|
| Bottom of the 5th over - 2 runs, 2 hits, 1 error, 2 left on base; Denver 6 - Wichita 5 |
| TOP OF THE 6TH |
|
Denver Bears batting - Pitching for Wichita Aeros : RHP Steve Crawford
|
|
Batting: RHB Gomez Barahona
|
0-0: Ball 1-0: Swinging Strike 1-1: Called Strike 1-2: Foul Ball, location: 2F 1-2: Strikes out swinging
|
|
Batting: LHB Dallas Williams
|
0-0: Foul Ball, location: 2F 0-1: Foul Ball, location: 2F 0-2: Ground out 5-3 (Groundball, 56, EV 88.8 MPH)
|
|
Batting: RHB Adolfo Feliz
|
0-0: DOUBLE (Line Drive, 9LS, EV 109.4 MPH)
|
|
Batting: LHB Danny Heep
|
0-0: Ground out 4-3 (Groundball, 4, EV 101.9 MPH)
|
| Top of the 6th over - 0 runs, 1 hit, 0 errors, 1 left on base; Denver 6 - Wichita 5 |
| BOTTOM OF THE 6TH |
|
Wichita Aeros batting - Pitching for Denver Bears : RHP Eric Show
|
|
Batting: RHB Gary House
|
0-0: Ball 1-0: Ball 2-0: Foul Ball, location: 2F 2-1: Foul Ball, location: 2F 2-2: Ball 3-2: Ground out U3 (Groundball, 34S, EV 86.9 MPH)
|
|
Batting: RHB Dave Stenhouse
|
0-0: Called Strike 0-1: SOLO HOME RUN (Line Drive, 7LD, EV 109.4 MPH), Distance : 373 ft
|
|
Batting: RHB Jordan Ventura
|
0-0: Foul Ball, location: 2F 0-1: Ball 1-1: Ball 2-1: Swinging Strike 2-2: Strikes out swinging
|
|
Batting: LHB Jesus Ramos
|
0-0: Ball 1-0: Called Strike 1-1: Swinging Strike 1-2: Ball 2-2: Ball 3-2: Foul Ball, location: 2F 3-2: Ground out 4-3 (Groundball, 4, EV 99.4 MPH)
|
| Bottom of the 6th over - 1 run, 1 hit, 0 errors, 0 left on base; Denver 6 - Wichita 6 |
| TOP OF THE 7TH |
|
Denver Bears batting - Pitching for Wichita Aeros : RHP Steve Crawford
|
|
Batting: RHB George A Bell
|
0-0: Foul Ball, location: 2F 0-1: Ball 1-1: Fly out, F6 (Popup, 6D, EV 51.3 MPH)
|
|
Batting: LHB Terry Francona
|
0-0: Ball 1-0: Called Strike 1-1: Fly out, F7 (Flyball, 7D, EV 90.6 MPH)
|
|
Batting: RHB Juan Alvarez
|
0-0: Called Strike 0-1: Ground out 4-3 (Groundball, 4MS, EV 73.8 MPH)
|
| Top of the 7th over - 0 runs, 0 hits, 0 errors, 0 left on base; Denver 6 - Wichita 6 |
| BOTTOM OF THE 7TH |
|
Wichita Aeros batting - Pitching for Denver Bears : RHP Eric Show
|
|
Batting: LHB Michael Barnes
|
0-0: Foul Ball, location: 2F 0-1: SINGLE (Groundball, 34D, EV 104.4 MPH)
|
|
Batting: LHB Omar Guerrero
|
0-0: Called Strike Michael Barnes steals 2nd base 0-1: Ground out 6-3 (Groundball, 6M, EV 85.0 MPH) Michael Barnes to third
|
|
Batting: RHB Dave Hoenstine
|
0-0: Foul Ball, location: 2F 0-1: Swinging Strike 0-2: Ball 1-2: Fly out, F7 (Flyball, 78S, EV 90.6 MPH) Runner from 3rd tags up, OUT at HOME! 7-2
|
| Bottom of the 7th over - 0 runs, 1 hit, 0 errors, 0 left on base; Denver 6 - Wichita 6 |
| TOP OF THE 8TH |
|
Denver Bears batting - Pitching for Wichita Aeros : RHP Steve Crawford
|
|
Batting: LHB Larry Donofrio
|
0-0: Ball 1-0: Ball 2-0: Called Strike 2-1: Ball 3-1: Base on Balls
|
|
Batting: RHB Raymond Borucki
|
0-0: Ball 1-0: Swinging Strike 1-1: Called Strike 1-2: Fielders Choice at 2nd, 5-4 (Groundball, 5, EV 85.0 MPH)
|
|
Batting: RHB Gomez Barahona
|
0-0: Ball 1-0: Called Strike Raymond Borucki steals 2nd base 1-1: Foul Ball, location: 2F 1-2: Ball 2-2: Ground out 6-3 (Groundball, 6, EV 103.1 MPH)
|
|
Batting: LHB Dallas Williams
|
0-0: Intentional Walk
|
|
Batting: RHB Adolfo Feliz
|
0-0: Foul Ball, location: 2F 0-1: Ball 1-1: Swinging Strike 1-2: Strikes out swinging
|
| Top of the 8th over - 0 runs, 0 hits, 0 errors, 2 left on base; Denver 6 - Wichita 6 |
| BOTTOM OF THE 8TH |
|
Wichita Aeros batting - Pitching for Denver Bears : RHP Eric Show
|
|
Batting: LHB Glenn Gulliver
|
0-0: Ball 1-0: Foul Ball, location: 2F 1-1: Ball 2-1: Foul Ball, location: 2F 2-2: Ground out 6-3 (Groundball, 6M, EV 94.4 MPH)
|
|
Batting: LHB Angel Matos
|
0-0: Called Strike 0-1: Swinging Strike 0-2: Ball 1-2: Foul Ball, location: 2F 1-2: Ball 2-2: Strikes out looking
|
|
Batting: RHB Gary House
|
0-0: Called Strike 0-1: Called Strike 0-2: Ball 1-2: Ball 2-2: Foul Ball, location: 2F 2-2: Foul Ball, location: 2F 2-2: Ball 3-2: Foul Ball, location: 2F 3-2: Reached on error, E6 (Groundball, 6, EV 76.9 MPH)
|
|
Pitching: LHP Jesse Orosco
|
|
|
Pinch Runner at 1st Gary Pettis:
|
|
|
Batting: RHB Dave Stenhouse
|
0-0: Called Strike 0-1: Ball 1-1: Ball 2-1: Ball 3-1: Foul Ball, location: 2F 3-2: Base on Balls Gary Pettis to second
|
|
Batting: RHB Jordan Ventura
|
0-0: Ball 1-0: Called Strike 1-1: Ground out 6-3 (Groundball, 6M, EV 108.1 MPH)
|
| Bottom of the 8th over - 0 runs, 0 hits, 1 error, 2 left on base; Denver 6 - Wichita 6 |
| TOP OF THE 9TH |
|
Denver Bears batting - Pitching for Wichita Aeros : RHP Steve Crawford
|
|
Pitching: RHP Joey McLaughlin
|
|
|
Now in RF: Gary Pettis
|
|
|
Batting: LHB Danny Heep
|
0-0: Called Strike 0-1: Ball 1-1: Ball 2-1: Ball 3-1: Foul Ball, location: 2F 3-2: Base on Balls
|
|
Batting: RHB George A Bell
|
0-0: Ball 1-0: Ball 2-0: Foul Ball, location: 2F 2-1: SINGLE (Groundball, 56D, EV 101.3 MPH) Danny Heep to second
|
|
Batting: LHB Terry Francona
|
0-0: Ball 1-0: Ball 2-0: Ball 3-0: Base on Balls Danny Heep to third George A Bell to second
|
|
Batting: RHB Juan Alvarez
|
0-0: Called Strike 0-1: Ball 1-1: Grounds into fielders choice 5-2 (Groundball, 56S, EV 92.5 MPH) George A Bell to third Terry Francona to second
|
|
Pitching: RHP Rob Pietroburgo
|
|
|
Batting: LHB Larry Donofrio
|
0-0: Ball 1-0: Fly out, F5 (Popup, 5F, EV 58.1 MPH)
|
|
Pinch Hitting: LHB Tom Beyers
|
0-0: Called Strike 0-1: Ball 1-1: Foul Ball, location: 2F 1-2: Strikes out swinging
|
| Top of the 9th over - 0 runs, 1 hit, 0 errors, 3 left on base; Denver 6 - Wichita 6 |
| BOTTOM OF THE 9TH |
|
Wichita Aeros batting - Pitching for Denver Bears : LHP Jesse Orosco
|
|
Now in LF: Tom Beyers
|
|
|
Pinch Hitting: RHB Greg Cypret
|
0-0: Ball 1-0: Swinging Strike 1-1: Fly out, F6 (Popup, 6MS, EV 63.8 MPH)
|
|
Batting: LHB Michael Barnes
|
0-0: Called Strike 0-1: Ball 1-1: Ball 2-1: Ground out 6-3 (Groundball, 6MS, EV 84.4 MPH)
|
|
Batting: LHB Omar Guerrero
|
0-0: Ball 1-0: Ball 2-0: Foul Ball, location: 2F 2-1: Called Strike 2-2: Foul Ball, location: 2F 2-2: Foul Ball, location: 2F 2-2: Foul Ball, location: 2F 2-2: Ground out 1-3 (Groundball, 13S, EV 68.1 MPH)
|
| Bottom of the 9th over - 0 runs, 0 hits, 0 errors, 0 left on base; Denver 6 - Wichita 6 |
| TOP OF THE 10TH |
|
Denver Bears batting - Pitching for Wichita Aeros : RHP Rob Pietroburgo
|
|
Now at SS: Greg Cypret
|
|
|
Batting: RHB Gomez Barahona
|
0-0: Hit by Pitch
|
|
Batting: LHB Dallas Williams
|
0-0: Ball 1-0: Ball 2-0: Fly out, F8 (Line Drive, 8LD, EV 100.6 MPH)
|
|
Batting: RHB Adolfo Feliz
|
0-0: Called Strike 0-1: Ball 1-1: Ball Gomez Barahona steals 2nd base (no throw) 2-1: Ball 3-1: Foul Ball, location: 2F 3-2: Strikes out swinging
|
|
Batting: LHB Danny Heep
|
0-0: Foul Ball, location: 2F 0-1: Ground out 3-1 (Groundball, 13, EV 80.0 MPH)
|
| Top of the 10th over - 0 runs, 0 hits, 0 errors, 1 left on base; Denver 6 - Wichita 6 |
| BOTTOM OF THE 10TH |
|
Wichita Aeros batting - Pitching for Denver Bears : LHP Jesse Orosco
|
|
Pitching: LHP Jake Zorbas
|
|
|
Batting: RHB Dave Hoenstine
|
0-0: DOUBLE (Groundball, 5L, EV 103.8 MPH)
|
|
Batting: LHB Glenn Gulliver
|
0-0: Intentional Walk
|
|
Batting: LHB Angel Matos
|
0-0: Bunt missed! 0-1: Sac Bunt to 15 - play at first, batter OUT! 1-4 Dave Hoenstine to third Glenn Gulliver to second
|
|
Batting: SHB Gary Pettis
|
0-0: Called Strike 0-1: Swinging Strike 0-2: Ball 1-2: Foul Ball, location: 2F 1-2: Ball 2-2: Strikes out looking
|
|
Batting: RHB Dave Stenhouse
|
0-0: Ball 1-0: Called Strike 1-1: Fly out, F8 (Flyball, 8LS, EV 91.9 MPH)
|
| Bottom of the 10th over - 0 runs, 1 hit, 0 errors, 2 left on base; Denver 6 - Wichita 6 |
| TOP OF THE 11TH |
|
Denver Bears batting - Pitching for Wichita Aeros : RHP Rob Pietroburgo
|
|
Batting: RHB George A Bell
|
0-0: Ball 1-0: SINGLE (Line Drive, 8LS, EV 113.1 MPH)
|
|
Batting: LHB Terry Francona
|
0-0: Ball 1-0: Foul Ball, location: 2F 1-1: Ball 2-1: Grounds into double play, 4-6-3 (Groundball, 4M, EV 110.0 MPH)
|
|
Batting: RHB Juan Alvarez
|
0-0: Ball 1-0: Ball 2-0: Ball 3-0: Called Strike 3-1: Base on Balls
|
|
Batting: LHB Larry Donofrio
|
0-0: Ball 1-0: Ball 2-0: Called Strike 2-1: Ball 3-1: Base on Balls Juan Alvarez to second
|
|
Batting: LHB Tom Beyers
|
0-0: Fly out, F7 (Line Drive, 7, EV 96.9 MPH)
|
| Top of the 11th over - 0 runs, 1 hit, 0 errors, 2 left on base; Denver 6 - Wichita 6 |
| BOTTOM OF THE 11TH |
|
Wichita Aeros batting - Pitching for Denver Bears : LHP Jake Zorbas
|
|
Batting: RHB Jordan Ventura
|
0-0: Called Strike 0-1: Swinging Strike 0-2: Foul Ball, location: 2F 0-2: Ball 1-2: Ground out 5-3 (Groundball, 56, EV 83.1 MPH)
|
|
Batting: RHB Greg Cypret
|
0-0: Called Strike 0-1: Ball 1-1: Reached on error, E5 (Groundball, 5, EV 83.8 MPH)
|
|
Batting: LHB Michael Barnes
|
0-0: Ball 1-0: Ball 2-0: Ball 3-0: Base on Balls Greg Cypret to second
|
|
Pitching: RHP Bob Cabrera
|
|
|
Batting: LHB Omar Guerrero
|
0-0: Swinging Strike 0-1: Swinging Strike 0-2: Fly out, F7 (Flyball, 7D, EV 80.0 MPH) Runner from 2nd tags up, SAFE at 3rd, no throw by LF
|
|
Batting: RHB Dave Hoenstine
|
0-0: Ball 1-0: SINGLE (Line Drive, 8RS, EV 99.4 MPH) Greg Cypret scores
|
| Bottom of the 11th over - 1 run, 1 hit, 1 error, 0 left on base; Denver 6 - Wichita 7 |
|